 Dungeon Crawl Stone Soup version 0.30-a0-845-g7c6808c8ce (webtiles) character file.

Game seed: 1816753808807365388

3 sircluck the Trooper (level 1, 0/14 HPs)
             Began as a Gargoyle Fighter on Mar 1, 2023.
             Slain by a kobold
             ... wielding a +0 club
              (3 damage)
             ... on level 1 of the Dungeon on Mar 2, 2023.
             The game lasted 00:03:24 (302 turns).

sircluck the Trooper (Gargoyle Fighter)              Turns: 302, Time: 00:03:24

Health: 0/14       AC:  9    Str: 19    XL:     1   Next: 50%
Magic:  1/1        EV:  9    Int:  8    God:
Gold:   9          SH:  4    Dex:  9    Spells: 0/0 levels left

rFire   . . .      SeeInvis .    a - +0 flail
rCold   . . .      Faith    .    c - +0 buckler
rNeg    + . .      Spirit   .    b - +0 scale mail
rPois   ∞          Reflect  .    (no helmet)
rElec   +          Rampage  .    (no cloak)
rCorr   .                        (no gloves)
Will    .....                    (no boots) Stlth
                                 (no amulet)
HPRegen 0.22/turn                (no ring)
MPRegen 0.07/turn                (no ring)

@: no status effects
A: sickness immunity, AC +2, negative energy resistance 1, electricity
resistance, torment resistance 1, petrification resistance
a: no special abilities


You were on level 1 of the Dungeon.
You visited 1 branch of the dungeon, and saw 1 of its levels.

You collected 9 gold pieces.

Inventory:

Hand Weapons
 a - a +0 flail (weapon)
Armour
 b - a +0 scale mail (worn)
 c - a +0 buckler (worn)
Scrolls
 f - a scroll of acquirement {unknown}
Potions
 d - a potion of might
 e - 2 potions of attraction {unknown}
 g - a potion of brilliance {unknown}


   Skills:
 + Level 3.4 Fighting
 + Level 2.0 Maces & Flails
 + Level 3.3 Armour
 + Level 3.3 Shields


You couldn't memorise any spells.
You didn't know any spells.
Your spell library was empty.

Dungeon Overview and Level Annotations

Branches:
Dungeon (1/15)

Altars:


Innate Abilities, Weirdness & Mutations

You are immune to sickness and miasma.
Your stone body is resilient. (AC +2)
You are immune to poison.
You resist negative energy. (rN+)
You are resistant to electric shocks. (rElec)
You are resistant to unholy torment.
You are immune to petrification.


Message History

The bat hits you but does no damage. The kobold closely misses you.
The frilled lizard barely misses you. The bat hits you but does no damage.
The kobold hits you but does no damage. The frilled lizard bites you.
The bat completely misses you. The kobold hits you but does no damage.
The frilled lizard barely misses you. The bat hits you but does no damage.
The kobold closely misses you. You block the frilled lizard's attack.
The bat hits you but does no damage. The kobold closely misses you.
The frilled lizard bites you. The bat hits you but does no damage.
The kobold closely misses you.
The frilled lizard bites you but does no damage.
The bat misses you. The kobold closely misses you.
The frilled lizard closely misses you. The kobold hits you but does no damage.
The frilled lizard barely misses you. The bat hits you but does no damage.
The kobold hits you with a +0 club. You block the frilled lizard's attack.
The bat hits you but does no damage. The kobold hits you but does no damage.
The frilled lizard unfolds its giant frill.
The frilled lizard bites you but does no damage.
The bat hits you but does no damage. The kobold closely misses you.
The frilled lizard bites you but does no damage.
The kobold closely misses you. The frilled lizard barely misses you.
The bat completely misses you. The kobold hits you with a +0 club.
You block the frilled lizard's attack. The bat barely misses you.
The kobold hits you but does no damage. You block the frilled lizard's attack.
The kobold hits you but does no damage. The frilled lizard barely misses you.
The bat hits you but does no damage. The kobold closely misses you.
The frilled lizard completely misses you.
The kobold hits you but does no damage. The frilled lizard closely misses you.
You block the bat's attack. The kobold closely misses you.
The frilled lizard bites you.
* * * LOW HITPOINT WARNING * * *
The bat closely misses you. The kobold barely misses you.
The frilled lizard closely misses you. The bat hits you but does no damage.
The bat hits you.
* * * LOW HITPOINT WARNING * * *
The kobold hits you with a +0 club.
You die...

....... .......
....... .......
########.......
.>.....(.......
.......b.......
......l@.......
......K..#.....
.........# .?.
.........# #
.........#
.........#
.........#####
.............#
##._.........#


You could see a bat, a kobold and a frilled lizard.

Vanquished Creatures
  An endoplasm (D:1)
  A giant cockroach (D:1)
  A bat (D:1)
  A frilled lizard (D:1)
4 creatures vanquished.

Notes
Turn   | Place    | Note
-------+----------+-------------------------------------------
     0 | D:1      | sircluck the Gargoyle Fighter began the quest for the Orb.
     0 | D:1      | Reached XP level 1. HP: 14/14 MP: 1/1
   130 | D:1      | Upgraded the game from 0.30-a0-840-ga523dec638 to
                  | 0.30-a0-845-g7c6808c8ce
   227 | D:1      | Found a faded altar of an unknown god.
   302 | D:1      | Slain by a kobold

Illustrated notes

Levels and vault maps discovered:
D:1:      amcnicky_arrival_underground_garden, layout_basic,
          basic_ecumenical_altar, dk_noncrumbling_4

Action                     || total
---------------------------++-------
  Melee: Flail             ||    23
 Armour: Scale mail        ||    83
  Dodge: Dodged            ||    88
  Block: Buckler           ||    31

Table legend: (Time is in decaauts)
 A = Elapsed time spent in this place.
 B = Non-inter-level travel time spent in this place.
 C = Inter-level travel time spent in this place.
 D = Time resting spent in this place.
 E = Time spent auto-exploring this place.
 F = Levels seen in this place.
 G = Mean time per level.
                   A        B        C        D        E       F      G
               +--------+--------+--------+--------+--------+-----+--------+
         Total |    310 |    310 |      0 |      0 |     70 |   1 |  310.0 |
       Dungeon |    310 |    310 |      0 |      0 |     70 |   1 |  310.0 |
               +--------+--------+--------+--------+--------+-----+--------+

Top non-repeatable levels by time:
     D:1: 310 daAuts
